 Dungeon Crawl Stone Soup version 0.30.0-5-g1a98f26d00 (webtiles) character file.

Game seed: 865345548041332331

4687 buriedalive the Protected (level 10, -3/94 HPs)
             Began as a Minotaur Fighter on May 12, 2023.
             Was a Follower of Makhleb.
             Slain by a yak (9 damage)
             ... on level 9 of the Dungeon.
             The game lasted 00:13:21 (9013 turns).

buriedalive the Protected (Minotaur Fighter)        Turns: 9013, Time: 00:13:22

Health: -3/94      AC: 18    Str: 30    XL:     10   Next: 21%
Magic:  9/9        EV:  9    Int: 11    God:    Makhleb [*.....]
Gold:   637        SH:  0    Dex: 12    Spells: 9/9 levels left

rFire   + . .        p - +8 lajatang of Distant Worlds {holy, Int+2}
rCold   + . .        (shield currently unavailable)
rNeg    . . .        u - +2 chain mail
rPois   .            (helmet restricted)
rElec   .            c - scarf {harm}
rCorr   .            A - +3 pair of gloves "Fifes" {Str+3}
SInv    .            (no boots)
Will    .....        (no amulet) Stlth
                     i - ring of protection from cold
HPRegen 0.35/turn    r - +6 ring of strength
MPRegen 0.11/turn

%: harm (+30% outgoing, +20% incoming)
@: no status effects
A: horns 2, retaliatory headbutt, clever 1, fire resistance 1, wild magic 1
a: Renounce Religion


You were on level 9 of the Dungeon.
You worshipped Makhleb.
Makhleb was aware of your devotion.
You visited 2 branches of the dungeon, and saw 10 of its levels.

You collected 637 gold pieces.

Inventory:

Hand Weapons
 a - a +0 flail
 g - the +8 rapier of Viniken {freeze, rC- Dex+5}
   (You found it on level 6 of the Dungeon)

   Dex:       It affects your dexterity (+5).
   rC:        It makes you vulnerable to cold.
 m - a +7 whip
 p - the +8 lajatang of Distant Worlds (weapon) {holy, Int+2}
   (You acquired it on level 7 of the Dungeon)

   Int:       It affects your intelligence (+2).
Missiles
 y - a throwing net (quivered)
 F - 15 poisoned darts
Armour
 c - a scarf of harm (worn)
 u - a +2 chain mail (worn)
 w - a +2 pair of gloves
 A - the +3 pair of gloves "Fifes" (worn) {Str+3}
   (You found it on level 5 of the Dungeon)

   Str:       It affects your strength (+3).
Jewellery
 h - a +6 ring of intelligence
 i - a ring of protection from cold (left hand)
 k - a ring of fire
 r - a +6 ring of strength (right hand)
Wands
 b - a wand of polymorph (8)
 d - a wand of paralysis (30)
 C - a wand of roots (18)
Scrolls
 j - 2 scrolls of teleportation
 l - a scroll of immolation
 o - a scroll of enchant armour
 s - a scroll of noise
 D - a scroll of amnesia
 G - a scroll of brand weapon {unknown}
Potions
 e - a potion of invisibility
 f - a potion of ambrosia
 n - 7 potions of curing
 t - 4 potions of mutation
 x - a potion of brilliance
 z - a potion of resistance
 B - 3 potions of heal wounds
 E - a potion of magic
 I - 3 potions of might


   Skills:
 + Level 10.9 Fighting
 - Level 9.3(9.9) Maces & Flails
 + Level 5.1(7.8) Staves
 + Level 11.0 Armour
 - Level 3.6 Shields


You had 9 spell levels left.
You didn't know any spells.
Your spell library contained the following spells:

 Spells                   Type           Power      Damage    Failure   Level
 Freeze                   Ice            0%         1d3       82%         1
 Summon Small Mammal      Summ           0%         N/A       82%         1
 Cigotuvi's Dreadful Rot  Necr/Pois/Air  0%         N/A       90%         2
 Scorch                   Fire           0%         2d5       90%         2
 Sublimation of Blood     Necr           0%         N/A       90%         2
 Call Canine Familiar     Summ           0%         N/A       99%         3
 Frozen Ramparts          Ice            0%         1d1       99%         3
 Hailstorm                Conj/Ice       0%         3d3       99%         3
 Ignite Poison            Fire/Tmut/Pois 0%         N/A       99%         3
 Summon Guardian Golem    Hex/Summ       0%         N/A       99%         3
 Flame Wave               Conj/Fire      0%         2d4       100%        4
 Petrify                  Tmut/Erth      0%         N/A       100%        4
 Freezing Cloud           Conj/Ice/Air   0%         6-21      100%        5
 Irradiate                Conj/Tmut      0%         3d11      100%        5
 Summon Cactus Giant      Summ           0%         N/A       100%        6


Dungeon Overview and Level Annotations

Branches:
Dungeon (9/15)             Temple (1/1) D:7
   Lair: D:8-11         Orc: D:9-12

Altars:
Ashenzari
Cheibriados
Dithmenos
Elyvilon
Fedhas
Gozag
Hepliaklqana
Kikubaaqudgha
Makhleb
Nemelex Xobeh
Okawaru
Qazlal
Ru
Sif Muna
Trog
Uskayaw
Vehumet
Wu Jian
Xom
Yredelemnul
Zin
The Shining One

Shops:
D:4 *   D:8 :


Innate Abilities, Weirdness & Mutations

You have a pair of horns on your head.
You reflexively headbutt those who attack you in melee.
Your mind is acute. (Int +4, Str/Dex -1)
Your flesh is heat resistant. (rF+)
Your spells are a little harder to cast, but a little more powerful.


Message History

You barely miss the yak. You headbutt the yak!
The yak is heavily wounded.
The yak gores you but does no damage. x2; The yak gores you.
You hit the yak but do no damage. You headbutt the yak!
The yak is severely wounded.
The yak gores you! The yak gores you.
The yak gores you but does no damage. x2
You slash the yak!
You kill the yak!
Makhleb accepts your kill. The yak gores you! The yak closely misses you.
The yak gores you.
Your base Staves skill increases to level 5!
Your Armour skill increases to level 11!
You are too injured to fight recklessly!
You are too injured to fight recklessly!
You are too injured to fight recklessly!
You are too injured to fight recklessly!
Unknown command.
You are too injured to fight recklessly!
You are too injured to fight recklessly!
You barely miss the yak. The yak gores you. The yak barely misses you.
The yak misses you. You furiously retaliate!
You headbutt the yak. You barely miss the yak.
The yak is lightly wounded.
The yak gores you but does no damage. The yak gores you!
The yak gores you but does no damage. x3; The yak gores you.
* * * LOW HITPOINT WARNING * * *
You barely miss the yak.
The yak is lightly wounded.
The yak barely misses you. The yak gores you.
* * * LOW HITPOINT WARNING * * *
The yak closely misses you. You furiously retaliate!
You headbutt the yak, but do no damage. You slash the yak!
The yak is heavily wounded.
The yak gores you but does no damage. x2; The yak gores you!
* * * LOW HITPOINT WARNING * * *
The yak attacks as you move away! The yak gores you.
* * * LOW HITPOINT WARNING * * *
The yak gores you!
You die...

##...###........<...
#####...##
##...........
##.......##
#.>.........
##.........##
##..........
.........[..##
##.........
.............#
#.........
.............##
##........
..............##
##.......
.........@.....#
###.....
....?.....Y...##
######
#.......Y.Y.###
#####......##
######.. #.. #.. ##.
#.


You could see 3 yaks.

Vanquished Creatures
  Sigmund (D:6)
  A shadow (D:6)
  7 yaks
  A wyvern (D:8)
  A steam dragon (D:8)
  4 ice beasts
  2 orc warriors
  A sky beast (D:7)
  2 black bears
  2 ogres
  3 centaurs
  A kobold brigand (D:7)
  A phantom (D:5)
  3 bullfrogs
  2 scorpions
  11 wights
  4 killer bees
  A howler monkey (D:4)
  A jelly (D:7)
  2 hounds (D:6)
  2 orc priests
  4 iguanas
  A sleepcap (D:4)
  8 orc wizards
  A mummy (D:8)
  A gnoll (D:3)
  4 adders
  A white imp (D:5)
  3 ufetubi
  4 dart slugs
  20 orcs
  7 bats
  3 endoplasms
  4 giant cockroaches (D:1)
  12 goblins
  4 hobgoblins
  12 kobolds
  2 quokkas
  9 ball pythons
  2 frilled lizards
  5 rats
160 creatures vanquished.

Notes
Turn   | Place    | Note
-------+----------+-------------------------------------------
     0 | D:1      | buriedalive the Minotaur Fighter began the quest for the
                  | Orb.
     0 | D:1      | Reached XP level 1. HP: 19/19 MP: 0/0
   206 | D:1      | Reached XP level 2. HP: 27/27 MP: 1/1
   293 | D:1      | Reached skill level 4 in Armour
   421 | D:1      | Reached XP level 3. HP: 33/33 MP: 2/2
  1766 | D:3      | Identified the +0 ring mail "Hujysh" {rN+}
  1768 | D:3      | Reached XP level 4. HP: 41/41 MP: 3/3
  1907 | D:3      | Found a basalt altar of Yredelemnul.
  2326 | D:3      | Found an iron altar of Okawaru.
  2438 | D:4      | Reached skill level 5 in Fighting
  2438 | D:4      | Reached skill level 5 in Armour
  2438 | D:4      | Reached XP level 5. HP: 48/48 MP: 4/4
  2594 | D:4      | Reached XP level 6. HP: 53/56 MP: 5/5
  2661 | D:4      | Reached skill level 5 in Maces & Flails
  2668 | D:4      | Gained mutation: Your skin changes colour to match your
                  | surroundings (Stealth+). [potion of mutation]
  2668 | D:4      | Gained mutation: Armour fits poorly on your strangely
                  | shaped body. [potion of mutation]
  2669 | D:4      | HP: 2/52 [wight/+0 scimitar (2)]
  2683 | D:4      | Reached skill level 6 in Armour
  3387 | D:4      | Found Qowut's Elemental Accessories.
  3438 | D:4      | Reached XP level 7. HP: 40/62 MP: 6/6
  3835 | D:5      | Entered Level 5 of the Dungeon
  3872 | D:5      | Identified the +3 pair of gloves "Fifes" {Str+3}
  4650 | D:5      | Reached skill level 7 in Armour
  4916 | D:6      | Noticed Sigmund
  4927 | D:6      | Killed Sigmund
  4928 | D:6      | Reached XP level 8. HP: 37/73 MP: 7/7
  5354 | D:6      | Reached skill level 8 in Armour
  5485 | D:6      | Found a broken altar of Ashenzari.
  5609 | D:6      | Identified the +8 rapier of Viniken {freeze, rC- Dex+5}
  5618 | D:6      | Found a shimmering altar of Xom.
  5641 | D:6      | Found a shimmering altar of Xom.
  5810 | D:6      | Reached XP level 9. HP: 69/82 MP: 8/8
  6076 | D:6      | Lost mutation: Armour fits poorly on your strangely shaped
                  | body. [potion of mutation]
  6076 | D:6      | Lost mutation: Your skin changes colour to match your
                  | surroundings (Stealth+). [potion of mutation]
  6076 | D:6      | Gained mutation: Your flesh is heat resistant. (rF+)
                  | [potion of mutation]
  6076 | D:6      | Gained mutation: Your spells are a little harder to cast,
                  | but a little more powerful. [potion of mutation]
  6076 | D:6      | Gained mutation: Your mind is acute. (Int +4, Str/Dex -1)
                  | [potion of mutation]
  6111 | D:7      | Reached skill level 9 in Armour
  6330 | D:7      | Found a staircase to the Ecumenical Temple.
  6344 | Temple   | Entered the Ecumenical Temple
  6666 | Temple   | Became a worshipper of Makhleb the Destroyer
  7605 | D:7      | Identified a scroll of acquirement
  7605 | D:7      | Acquired the +8 lajatang of Distant Worlds {holy, Int+2}
  7644 | D:8      | Reached skill level 1 in Staves
  7670 | D:8      | Reached skill level 10 in Armour
  7939 | D:8      | Reached skill level 10 in Fighting
  8261 | D:8      | Found a white marble altar of Elyvilon.
  8326 | D:8      | Found a snail-covered altar of Cheibriados.
  8425 | D:8      | Found Ketogruq's Tremendous Tomes.
  8590 | D:9      | Reached XP level 10. HP: 94/94 MP: 9/9
  8939 | D:9      | Reached * piety under Makhleb
  9009 | D:9      | Reached skill level 5 in Staves
  9009 | D:9      | Reached skill level 11 in Armour
  9013 | D:9      | Slain by a yak

Illustrated notes

Levels and vault maps discovered:
D:1:      evilmike_arrival_hilbert_curve, layout_basic
D:2:      layout_loops_cross
D:3:      layout_loops_ring, mainiacjoe_overflow_alcove_4,
          okawaru_altar_gauntlet_db
D:4:      layout_basic, nicolae_elemental_shop, minmay_ruptured
D:5:      layout_gridville, kennysheep_generic_room_12
D:6:      minmay_chambers_of_sixes, layout_cave_pools, xom_redecorated,
          nicolae_overflow_crystal_walls, uniq_sigmund
D:7:      layout_basic, minmay_temple_entry_junction_2
D:8:      layout_cave_pools, overflow_temple_1_default, slow_altar_2,
          nicolae_shop_i_like_big_books, dreamdust_princess_bridge, minivault_10
D:9:      layout_cave_pods, lair_entry_dummy, serial_shops, shop, fountainhead,
          feat_on_display
Temple:   minmay_temple_bridge_d

Skill      XL: |  1  2  3  4  5  6  7  8  9 10 |
---------------+-------------------------------+-----
Fighting       | 4 5 6 7 8 10 | 10.9
Maces & Flails | 3 4 5 7 8 9 |  9.3
Armour         | 4 5 6 7 8 10 11 | 11.0
Staves         | 4 5 |  5.1
Shields        | |  3.6

Action                     |  1- 3 |  4- 6 |  7- 9 | 10-12 || total
---------------------------+-------+-------+-------+-------++-------
  Melee: Flail             |    92 |    84 |    59 |       ||   235
         Headbutt          |    10 |    27 |    43 |     6 ||    86
         Whip              |       |    42 |   151 |       ||   193
         Lajatang          |       |       |    36 |    32 ||    68
    Use: Potion            |       |     4 |     2 |       ||     6
         Scroll            |       |       |    18 |       ||    18
 Armour: Scale mail        |    45 |       |       |       ||    45
         Chain mail        |     9 |    88 |   140 |    35 ||   272
  Dodge: Dodged            |    44 |    46 |    68 |    28 ||   186
  Block: Buckler           |    20 |    25 |    27 |       ||    72
